 Dungeon Crawl Stone Soup version 0.30.1-3-gfc49f6343a (webtiles) character file.

Game seed: 15145494559416825385

285879 Strat the Earth Mage (level 20, -19/127 HPs)
             Began as a Gargoyle Earth Elementalist on July 19, 2023.
             Was the Champion of Makhleb.
             Demolished by a +4 heavy halberd (23 damage)
             ... animated by Zenata
             ... on level 1 of the Vaults.
             The game lasted 02:59:26 (64020 turns).

Strat the Earth Mage (Gargoyle Earth Elementalist) Turns: 64020, Time: 02:59:27

Health: -19/127    AC: 35    Str: 13    XL:     20   Next: 62%
Magic:  0/39       EV: 11    Int: 36    God:    Makhleb [******]
Gold:   2963       SH:  8    Dex: 10    Spells: 19/50 levels left

rFire   . . .        a - +5 quarterstaff (flame)
rCold   + + .        (shield currently unavailable)
rNeg    + . .        U - +0 acid dragon scales
rPois   ∞            s - +2 helmet {Int+3}
rElec   +            z - +2 cloak
rCorr   +            j - +0 pair of gloves
SInv    .            n - +2 pair of boots
Will    ++...        Y - brooch of Shielding {Spirit SH+8}
Stlth   +            X - +6 ring of intelligence
HPRegen 0.41/turn    F - ring "Vithris" {Fly rPois rC++ Int+3 Stlth-}
MPRegen 0.26/turn

%: guardian spirit
@: flying, hasted, invisible, very quick
A: sickness immunity, AC +15, big wings, negative energy resistance 1,
electricity resistance, torment resistance 1, petrification resistance,
strong-willed 1, subdued magic 1, MP-powered wands
}: 2/15 runes: decaying, serpentine
a: Renounce Religion, Minor Destruction, Lesser Servant of Makhleb, Major
Destruction, Greater Servant of Makhleb


You were on level 1 of the Vaults.
You worshipped Makhleb.
Makhleb was exalted by your worship.
You visited 10 branches of the dungeon, and saw 39 of its levels.
You also visited: Trove, Ossuary and Bailey.

You collected 3923 gold pieces.
You spent 960 gold pieces at shops.

Inventory:

Hand Weapons
 a - a +5 quarterstaff of flaming (weapon)
Missiles
 p - 6 boomerangs of dispersal
 A - 4 throwing nets
Armour
 j - a +0 pair of gloves (worn)
 n - a +2 pair of boots (worn)
 s - a +2 helmet of intelligence (worn)
 w - the +1 cloak of Starlight {*Dazzle EV+4 Stlth--}
   (You found it on level 4 of the Swamp)

   *Dazzle:   It may blind those who miss an attack against the wearer in melee
   combat.
   EV:        It affects your evasion (+4).
   Stlth:     It makes you much less stealthy.
 z - a +2 cloak (worn)
 U - +0 acid dragon scales (worn)
Magical Staves
 b - the staff of death "Guhexeshri" {rF+ rN+ Will+ Dex-2}
   (You found it on level 4 of the Swamp)

   [staff of death]

   Base accuracy: +5 Base damage: 5 Base attack delay: 1.2 This weapon's minimum
   attack delay (0.6) is reached at skill level 12.
   Dex:       It affects your dexterity (-2).
   rF:        It protects you from fire.
   rN:        It protects you from negative energy.
   Will:      It increases your willpower.
   It falls into the 'Staves' category.
   It is a one-handed weapon.
Jewellery
 l - a ring of willpower
 o - a ring of ice
 v - a ring of protection from cold
 C - a ring of ice
 F - the ring "Vithris" (right hand) {Fly rPois rC++ Int+3 Stlth-}
   (You found it in an ossuary)

   [ring of flight]

   Int:       It affects your intelligence (+3).
   rC:        It greatly protects you from cold.
   rPois:     It protects you from poison.
   Fly:       It grants you flight.
   Stlth:     It makes you less stealthy.
 P - a ring of fire
 S - a ring of ice
 W - the ring "Girewk" {Drain rCorr MP+9 Dex+7}
   (You found it in a treasure trove)

   [ring of magical power]

   Dex:       It affects your dexterity (+7).
   MP:        It affects your magic capacity (+9).
   rCorr:     It protects you from acid and corrosion.
   Drain:     It drains your maximum health when unequipped.
 X - a +6 ring of intelligence (left hand)
 Y - the brooch of Shielding (around neck) {Spirit SH+8}
   (You found it in a treasure trove)

   [amulet of guardian spirit]

   It causes incoming damage to be divided between your reserves of health and
   magic.
   SH:        It affects your SH (+8).
Wands
 g - a wand of mindburst (14)
 t - a wand of iceblast (28)
 y - a wand of flame (13)
 I - a wand of paralysis (45)
 J - a wand of digging (3)
Scrolls
 d - 2 scrolls of fog
 e - 2 scrolls of magic mapping
 i - 3 scrolls of brand weapon
 k - 4 scrolls of immolation
 x - 6 scrolls of amnesia
 K - 8 scrolls of enchant armour
 M - 6 scrolls of poison
 N - a scroll of silence
 Q - 2 scrolls of butterflies
 R - 5 scrolls of fear
Potions
 f - 5 potions of mutation
 h - 10 potions of curing
 q - 6 potions of haste
 r - 3 potions of cancellation
 u - 3 potions of might
 E - a potion of invisibility
 G - 2 potions of resistance
 H - 5 potions of lignification
 L - 3 potions of berserk rage
 O - 8 potions of brilliance
 T - 5 potions of ambrosia


   Skills:
 + Level 14.1 Fighting
 - Level 10.0 Armour
 - Level 1.5 Dodging
 - Level 5.0 Stealth
 + Level 15.7 Spellcasting
 - Level 16.0 Conjurations
 - Level 4.0 Hexes
 - Level 9.0 Necromancy
 - Level 9.0 Transmutations
 - Level 16.0 Earth Magic
 + Level 15.4 Invocations


You had 19 spell levels left.
You knew the following spells:

 Your Spells              Type           Power      Damage    Failure   Level
a - Sandblast             Erth           100%       2d20      0%          1
b - Passwall              Tmut/Erth      61%        N/A       0%          2
c - Stone Arrow           Conj/Erth      100%       3d13      0%          3
d - Borgnjor's Vile Clut  Necr/Erth      37%        N/A       1%          5
e - Petrify               Tmut/Erth      74%        N/A       1%          4
f - Irradiate             Conj/Tmut      37%        3d24      1%          5
g - Yara's Violent Unrav  Hex/Tmut       27%        3d12      2%          5
h - Blink                 Tloc           42%        N/A       1%          2
i - Animate Dead          Necr           64%        N/A       1%          4

Your spell library contained the following spells:

 Spells                   Type           Power      Damage    Failure   Level
 Lesser Beckoning         Tloc           42%        N/A       1%          2
 Momentum Strike          Conj/Tloc      100%       3d10      1%          2
 Poisonous Vapours        Pois/Air       42%        N/A       1%          2
 Hailstorm                Conj/Ice       60%        3d13      1%          3
 Inner Flame              Hex/Fire       32%        N/A       1%          3
 Mephitic Cloud           Conj/Pois/Air  50%        N/A       1%          3
 Portal Projectile        Hex/Tloc       64%        N/A       1%          3
 Tukima's Dance           Hex            43%        N/A       1%          3
 Flame Wave               Conj/Fire      60%        2d14      1%          4
 Fulminant Prism          Conj/Hex       33%        3d15      1%          4
 Ice Form                 Ice/Tmut       46%        N/A       1%          4
 Sticky Flame             Conj/Fire      60%        2d8       1%          4
 Blade Hands              Tmut           32%        N/A       1%          5
 Fireball                 Conj/Fire      30%        3d13      1%          5
 Iskenderun's Battlesphe  Conj           84%        2d13      1%          5
 Orb of Destruction       Conj           42%        9d12      1%          7
 Cause Fear               Hex            21%        N/A       2%          4
 Frozen Ramparts          Ice            42%        1d7       4%          3
 Freezing Cloud           Conj/Ice/Air   25%        6-21      4%          5
 Death Channel            Necr           32%        N/A       4%          6
 Conjure Ball Lightning   Conj/Air       30%        3x3d10    8%          6
 Lehudib's Crystal Spear  Conj/Erth      42%        10d10     13%         8
 Passage of Golubria      Tloc           21%        N/A       14%         4
 Summon Ice Beast         Ice/Summ       21%        N/A       14%         4
 Summon Lightning Spire   Summ/Air       21%        N/A       14%         4
 Metabolic Englaciation   Hex/Ice        16%        N/A       19%         5
 Silence                  Hex/Air        16%        N/A       19%         5
 Summon Mana Viper        Hex/Summ       32%        N/A       19%         5
 Simulacrum               Ice/Necr       23%        N/A       34%         6
 Summon Forest            Summ/Tloc      10%        N/A       38%         5
 Plasma Beam              Fire/Air       10%        2x1d23    94%         6
 Summon Cactus Giant      Summ           10%        N/A       94%         6
 Ozocubu's Refrigeration  Ice            10%        4d9       100%        7
 Polar Vortex             Ice            10%        N/A       100%        9
 Sublimation of Blood     Necr           Unusable   N/A       N/A         2
 Statue Form              Tmut/Erth      Unusable   N/A       N/A         6

Dungeon Overview and Level Annotations

Branches:
Dungeon (15/15)            Temple (1/1) D:5            Lair (5/5) D:8
  Swamp (4/4) Lair:2        Snake (4/4) Lair:2        Slime (0/5) Lair:4
    Orc (2/2) D:10            Elf (1/3) Orc:2        Vaults (2/5) D:14
  Crypt (0/3) Vaults:2     Depths (4/4) D:15           Hell (visited)
Ossuary (visited)          Bailey (visited)
    Dis: Hell:1         Geh: Hell:1         Coc: Hell:1         Tar: Hell:1
    Zot: Depths:4

Altars:
Ashenzari
Dithmenos
Elyvilon
Fedhas
Gozag
Makhleb
Nemelex Xobeh
Okawaru
Trog
Uskayaw
Vehumet
Wu Jian
Xom
Yredelemnul
Zin
Jiyva

Shops:
D:3 =   D:13 :   Orc:1 =   Orc:2 :!((=   Snake:1 =:=*(   Snake:4 =!:[

Portals:
Hell: Depths:1
Abyss: Orc:1

Annotations:
Orc:1 2 transporters, Inchmeat's ghost, journeyman BaRe
Vaults:1 Zenata
Depths:3 Josephina
Depths:4 Xtahua
Hell Geryon


Innate Abilities, Weirdness & Mutations

You are immune to sickness and miasma.
Your stone body is resilient. (AC +15)
You are immune to poison.
Your large and strong wings let you fly.
You resist negative energy. (rN+)
You are resistant to electric shocks. (rElec)
You are resistant to unholy torment.
You are immune to petrification.
You are strong-willed. (Will+)
Your spells are a little easier to cast, but a little less powerful.
You expend magic power (3 MP) to strengthen your wands.


Message History

Okay, then.
You block the +1 war axe of holy wrath's attack.
Casting: Borgnjor's Vile Clutch (safe; 1% risk of failure)
Confirm with . or Enter, or press ? or * to list all spells.
You blink.
Casting: Blink (safe; 1% risk of failure)
Confirm with . or Enter, or press ? or * to list all spells.
You don't have enough magic to cast this spell.
Okay, then.
Your green death gestures at the +1 war axe of holy wrath.
The poison arrow misses the +1 war axe of holy wrath.
The +3 dire flail of venom hits you but does no damage.
The +3 dire flail of venom hits you.
* * * LOW HITPOINT WARNING * * *
The +3 dire flail of venom attacks as you move away!
You block the +3 dire flail of venom's attack.
You fade into invisibility!
The +3 dire flail of venom hits you but does no damage.
The +3 dire flail of venom hits you!
* * * LOW HITPOINT WARNING * * *
The +4 heavy halberd hits you but does no damage.
Zenata barely misses your green death.
The +1 war axe of holy wrath barely misses you.
The +3 dire flail of venom hits you but does no damage.
You feel stable enough to blink again. The +3 dire flail of venom hits you!
* * * LOW HITPOINT WARNING * * *
The +3 dire flail of venom hits you but does no damage.
Okay, then.
You feel better.
The +3 dire flail of venom closely misses you.
You block the +1 war axe of holy wrath's attack.
The +4 heavy halberd closely misses you.
The +3 dire flail of venom hits you!
* * * LOW HITPOINT WARNING * * *
You feel better. The +1 war axe of holy wrath hits you!
* * * LOW HITPOINT WARNING * * *
The +3 dire flail of venom hits you but does no damage.
The +4 heavy halberd hits you!!
You die...

#..# #.)....#
...######.(....##
.).#.§##..).....#
#)##..##........##
).....'.[>)...>..#
......'.)........#
##'##'####)######## ...Y...
....'..........((.# Y......
###.'.∩........(@.# .......
...##.............# .Y.....
#..####.##.##Y##.## ..... .#.#
#..#..#..#..# ...
.#.###.##.##.##.########'###
.#.##......a.§.)..#........#
.#.##.............'........#
#..##.............#........#
...################........'..


You could see a dire elephant (unable to see you) and 3 dancing weapons.

Vanquished Creatures
  the Lernaean hydra (Swamp:4)
  Vashnia (Snake:4)
  Nikola (Swamp:3)
  A golden dragon (Depths:2)
  A lich (Depths:2)
  A sphinx (Depths:2)
  Kirke (Lair:5)
  Roxanne (Swamp:3)
  A tengu reaver (Depths:2)
  6 nagarajas (Snake:4)
  A fire giant (Depths:1)
  An iron dragon (Depths:3)
  A vault warden (Vaults:1)
  Aizul (Snake:3)
  An orc warlord (Bailey)
  3 frost giants
  3 ghouls
  2 very ugly things
  2 ironbound preservers
  A broodmother (shapeshifter) (D:13)
  6 stone giants
  2 spriggan defenders (Depths:3)
  4 eleionomae
  A lorocyproca (D:14)
  2 spark wasps (D:15)
  4 dire elephants
  A bunyip (Swamp:2)
  6 ettins
  A merfolk javelineer (Depths:2)
  A shambling mangrove (Swamp:3)
  A fire dragon (Depths:3)
  5 vault guards (D:14)
  Harold (D:9)
  2 ice dragons
  2 spriggan air magi
  17 hydras
  5 ogre magi
  2 ghost crabs
  9 anacondas
  A merfolk avatar (Lair:5)
  2 catoblepae
  4 ironbound frosthearts
  3 death yaks (Lair:5)
  A boulder beetle (Lair:5)
  5 alligators
  10 centaur warriors
  27 two-headed ogres
  5 deep troll earth magi
  2 deep troll shamans
  16 naga warriors
  Urug (Lair:3)
  16 naga sharpshooters
  2 tengu warriors (Depths:2)
  A spriggan berserker (Depths:1)
  A deep elf knight (D:14)
  7 shock serpents
  4 sea snakes
  5 goliath frogs
  5 salamander mystics (Snake:4)
  17 deep trolls
  3 iron trolls
  2 spriggan druids (Swamp:3)
  2 glowing orange brains (Depths:1)
  7 swamp dragons
  14 naga ritualists
  An iron dragon zombie (Depths:1)
  6 bog bodies
  2 ironbound convokers (Vaults:1)
  3 harpies (Lair:5)
  Pikel (D:5)
  A deep elf pyromancer (D:14)
  A necromancer (Depths:1)
  3 wizards
  A tengu skeleton (Depths:1)
  11 ugly things
  The ghost of jurchenman the Thaumaturge, a novice DECj (D:7)
  5 manticores
  9 mana vipers
  18 salamanders
  2 will-o-the-wisps
  An oklob plant (Lair:4)
  2 orc sorcerers
  5 cyclopes
  2 moths of wrath (Swamp:4)
  6 guardian serpents
  16 naga magi
  2 vault sentinels
  49 black mambas
  A guardian serpent (shapeshifter) (D:15)
  10 cane toads
  5 elephants (Lair:5)
  An eye of devastation (Lair:4)
  A torpor snail (Lair:5)
  2 gargoyles
  Maggie (D:7)
  3 yaktaurs (Vaults:1)
  6 komodo dragons
  A freezing wraith (D:15)
  An efreet (D:14)
  A kobold demonologist (Depths:1)
  An unseen horror (D:13)
  2 tengu conjurers (Depths:2)
  A rime drake (Lair:5)
  A wind drake (Lair:5)
  8 hornets
  5 trolls
  16 tyrant leeches
  18 blink frogs
  2 bloated husks
  Prince Ribbit (D:7)
  2 polar bears
  A snapping turtle (Lair:5)
  18 slime creatures
  8 spriggans
  An ettin skeleton (Depths:1)
  2 water elementals (Depths:2)
  3 wraiths
  4 wyverns
  2 shadows
  A hog (Lair:5)
  A vampire (D:10)
  23 yaks
  2 basilisks
  A human (D:14)
  5 steam dragons
  The ghost of spardeous the Digger, an amateur FeEE of Gozag (D:5)
  9 vampire mosquitoes
  26 swamp worms
  47 nagas
  A warg (Orc:2)
  13 water moccasins
  An acid dragon (D:14)
  A floating eye (Lair:4)
  14 swamp drakes
  A sky beast (D:6)
  An ice beast (D:6)
  6 black bears
  32 orc warriors
  32 ogres
  13 wolves
  11 centaurs
  2 phantoms (D:10)
  2 lemures (D:5)
  A kobold brigand (D:8)
  11 bullfrogs
  13 scorpions
  9 wights
  2 troll zombies (D:10)
  12 killer bees
  7 electric eels
  4 howler monkeys
  2 jellies (D:5)
  2 centaur zombies (Ossuary)
  Crazy Yiuf (D:5)
  13 orc priests
  5 hounds
  4 human zombies (Ossuary)
  A sleepcap (D:6)
  2 iguanas
  Ijyb (D:5)
  21 orc wizards
  3 hell rats (Lair:2)
  4 scorpion zombies (Ossuary)
  4 ogre zombies (D:10)
  3 mummies (Ossuary)
  10 gnolls
  3 adders
  A shadow imp (D:6)
  An ufetubus (D:5)
  5 dart slugs
  97 orcs
  7 ball pythons
  6 bats
  8 endoplasms
  5 giant cockroaches
  2 gnoll zombies (Ossuary)
  15 goblins
  9 hobgoblins
  2 jackals (D:1)
  5 kobolds
  3 quokkas
  7 frilled lizards
  A goblin skeleton (D:10)
  9 goblin zombies
  A hobgoblin skeleton (D:10)
  4 hobgoblin zombies
  A kobold zombie (Ossuary)
  2 orc skeletons (D:10)
  12 orc zombies
  8 rats
  A rat (shapeshifter) (Depths:2)
  A butterfly (Lair:3)
1140 creatures vanquished.

Vanquished Creatures (collateral kills)
  The ghost of Fractals the Severer, a journeyman MiBe of Trog (Swamp:1)
  Louise (Swamp:3)
  A boulder beetle (Lair:5)
  A naga warrior (Snake:1)
  An ugly thing (Depths:1)
  5 elephants (Lair:5)
  A black mamba (Snake:1)
  A cane toad (Lair:5)
  2 rime drakes
  A tengu conjurer (Depths:3)
  A komodo dragon (Lair:5)
  2 polar bears (Lair:5)
  9 blink frogs
  2 hornets (Lair:5)
  A water elemental (Depths:1)
  A wyvern (Lair:5)
  A basilisk (Lair:5)
  13 yaks
  5 nagas (Snake:1)
  5 water moccasins
  7 wolves
  3 hell rats (Lair:2)
65 creatures vanquished.

Vanquished Creatures (others)
  An alligator (Swamp:2)
  A shock serpent zombie (Snake:1)
  A death yak zombie (Lair:5)
  A rime drake (Lair:5)
  A tengu simulacrum (Depths:3)
  An ice dragon zombie (Depths:1)
  A black mamba zombie (Snake:1)
  6 humans (Lair:5)
  A human zombie (Depths:1)
  A blink frog zombie (Lair:1)
  10 elephant zombies (Lair:5)
  8 yak zombies
  A basilisk zombie (Lair:5)
  A bullfrog zombie (Lair:1)
  2 orcs (D:8)
  A kobold (D:8)
  18 foxfires
56 creatures vanquished.

Grand Total: 1261 creatures vanquished

Notes
Turn   | Place    | Note
-------+----------+-------------------------------------------
     0 | D:1      | Strat the Gargoyle Earth Elementalist began the quest for
                  | the Orb.
     0 | D:1      | Reached XP level 1. HP: 10/10 MP: 3/3
   177 | D:1      | Reached XP level 2. HP: 15/15 MP: 3/5
   458 | D:1      | Reached skill level 5 in Earth Magic
   458 | D:1      | Reached XP level 3. HP: 19/19 MP: 4/6
   485 | D:1      | Learned a level 2 spell: Passwall
   489 | D:1      | Learned a level 3 spell: Stone Arrow
  1099 | D:2      | Found a faded altar of an unknown god.
  1420 | D:3      | Reached skill level 1 in Conjurations
  1420 | D:3      | Found Taodwytu's Jewellery Shop.
  1633 | D:3      | Reached XP level 4. HP: 24/24 MP: 4/7
  2475 | D:4      | Noticed a scorpion
  2566 | D:4      | Reached XP level 5. HP: 28/28 MP: 5/9
  2684 | D:4      | Got the Information on Evolving Cinders
  2832 | D:4      | Noticed a black bear
  2836 | D:4      | Killed a black bear
  2837 | D:4      | Reached XP level 6. HP: 32/32 MP: 5/11
  3414 | D:4      | Learned a level 5 spell: Borgnjor's Vile Clutch
  3448 | D:5      | Entered Level 5 of the Dungeon
  3448 | D:5      | Noticed Ijyb
  3523 | D:5      | Reached XP level 7. HP: 36/36 MP: 10/13
  3556 | D:5      | Found a transporter.
  3556 | D:5      | Noticed spardeous's ghost (amateur FeEE)
  3563 | D:5      | Found a transporter.
  3755 | D:5      | Reached skill level 1 in Necromancy
  3795 | D:5      | Found a runed translucent door.
  3796 | D:5      | Noticed Crazy Yiuf
  3877 | D:5      | Noticed Pikel
  3884 | D:5      | Killed Pikel
  3885 | D:5      | Reached XP level 8. HP: 34/41 MP: 0/14
  4134 | D:5      | Killed Ijyb
  4325 | D:5      | Found a staircase to the Ecumenical Temple.
  4334 | Temple   | Entered the Ecumenical Temple
  4381 | Temple   | Became a worshipper of Makhleb the Destroyer
  4637 | D:5      | Killed Crazy Yiuf
  4721 | D:6      | Found a sand-covered staircase.
  4761 | Ossuary  | Entered an ossuary
  5465 | Ossuary  | Reached XP level 9. HP: 45/45 MP: 11/16
  5465 | Ossuary  | Reached * piety under Makhleb
  5533 | Ossuary  | Reached skill level 5 in Spellcasting
  5533 | Ossuary  | Reached skill level 10 in Earth Magic
  5670 | Ossuary  | Reached skill level 5 in Necromancy
  5869 | Ossuary  | Identified the ring "Vithris" {Fly rPois rC++ Int+3 Stlth-}
  6324 | D:6      | Found an ornate altar of the Wu Jian Council.
  6695 | D:6      | Reached skill level 1 in Fighting
  7392 | D:7      | Found a transporter.
  7397 | D:7      | Found a transporter.
  7400 | D:7      | Noticed jurchenman's ghost (novice DECj)
  7412 | D:7      | Noticed a hornet
  7590 | D:7      | Noticed Prince Ribbit
  7598 | D:7      | Killed Prince Ribbit
  7737 | D:7      | Reached XP level 10. HP: 55/55 MP: 13/19
  8015 | D:7      | Reached ** piety under Makhleb
  8120 | D:7      | Noticed Maggie
  8129 | D:7      | Killed Maggie
  8966 | D:7      | Learned a level 4 spell: Petrify
  8972 | D:7      | Learned a level 5 spell: Irradiate
  9145 | D:8      | Reached skill level 1 in Transmutations
  9269 | D:8      | Found a staircase to the Lair.
 10019 | D:8      | You fall into a shaft and drop 1 floor!
 10038 | D:9      | Found a flagged portal.
 10057 | Bailey   | Entered a bailey
 10419 | Bailey   | Reached *** piety under Makhleb
 10802 | Bailey   | Reached skill level 5 in Conjurations
 10843 | Bailey   | Reached skill level 5 in Fighting
 10932 | Bailey   | Reached XP level 11. HP: 63/63 MP: 7/22
 11027 | Bailey   | Noticed an orc warlord
 11080 | Bailey   | Killed an orc warlord
 11135 | Bailey   | Identified the +12 hand crossbow "Orhuny" {drain, Fragile
                  | +Blink rF+ Int+3}
 11590 | D:9      | Noticed Harold
 11640 | D:9      | Killed Harold
 12018 | D:9      | Reached **** piety under Makhleb
 12034 | D:9      | Noticed a cyclops
 12295 | D:9      | Killed a cyclops
 12944 | D:10     | Entered Level 10 of the Dungeon
 13079 | D:10     | Learned a level 5 spell: Yara's Violent Unravelling
 13330 | D:10     | Found a staircase to the Orcish Mines.
 13350 | D:10     | Reached skill level 5 in Transmutations
 14474 | D:11     | Noticed a white ugly thing
 14497 | D:11     | Killed a white ugly thing
 14498 | D:11     | Reached skill level 1 in Hexes
 14866 | D:11     | Noticed a manticore
 14935 | D:11     | Noticed an eight-headed hydra
 14951 | D:11     | Noticed a manticore
 14965 | D:11     | Killed a manticore
 15080 | D:11     | Killed an eight-headed hydra
 15081 | D:11     | Reached XP level 12. HP: 71/71 MP: 6/24
 15463 | D:11     | Noticed a two-headed ogre
 15501 | D:11     | Killed a two-headed ogre
 15929 | D:12     | Noticed a two-headed ogre
 15937 | D:12     | Killed a two-headed ogre
 16086 | D:12     | Noticed a two-headed ogre
 16110 | D:12     | Killed a two-headed ogre
 16460 | D:12     | Noticed a two-headed ogre
 16476 | D:12     | Killed a two-headed ogre
 17181 | D:13     | Noticed a two-headed ogre
 17188 | D:13     | Killed a two-headed ogre
 17246 | D:13     | Found Misus's Book Boutique.
 17266 | D:13     | Noticed a two-headed ogre
 17275 | D:13     | Killed a two-headed ogre
 17432 | D:13     | Reached ***** piety under Makhleb
 17634 | D:13     | Noticed a six-headed hydra
 17646 | D:13     | Killed a six-headed hydra
 17756 | D:13     | Noticed a centaur warrior
 17776 | D:13     | Killed a centaur warrior
 18001 | D:13     | a steelbarb worm changed into a broodmother
 18001 | D:13     | Noticed a broodmother (shapeshifter)
 18009 | D:13     | Killed a broodmother
 18217 | D:13     | Noticed a centaur warrior
 18225 | D:13     | Killed a centaur warrior
 18226 | D:13     | Reached skill level 10 in Conjurations
 18306 | D:13     | Noticed a centaur warrior
 18322 | D:13     | Killed a centaur warrior
 18323 | D:13     | Reached XP level 13. HP: 69/78 MP: 13/26
 19375 | D:14     | Noticed a vault guard
 19719 | D:14     | Reached skill level 10 in Spellcasting
 20191 | Orc:1    | Entered Level 1 of the Orcish Mines
 20268 | Orc:1    | Found a transporter.
 20275 | Orc:1    | Noticed a cacodemon
 20279 | Orc:1    | Found a one-way gate to the infinite horrors of the Abyss.
 20280 | Orc:1    | Noticed a purple very ugly thing
 20281 | Orc:1    | Noticed a rakshasa
 20281 | Orc:1    | Noticed Inchmeat's ghost (journeyman BaRe)
 20304 | Orc:1    | Reached skill level 1 in Armour
 20305 | Orc:1    | Reached skill level 1 in Invocations
 20628 | Orc:1    | Found Cicurr's Jewellery Boutique.
 20687 | Orc:1    | Found a transporter.
 21089 | Orc:1    | Noticed a great orb of eyes
 21208 | Orc:2    | Entered Level 2 of the Orcish Mines
 21208 | Orc:2    | Found Aluxawk's Self-Improvement Boutique.
 21663 | Orc:2    | Found a staircase to the Elven Halls.
 21763 | Orc:2    | Reached skill level 10 in Fighting
 22384 | Orc:2    | Reached skill level 5 in Armour
 22384 | Orc:2    | Reached skill level 5 in Invocations
 22515 | Orc:2    | Reached ****** piety under Makhleb
 22597 | Orc:2    | Gained mutation: Your large and strong wings let you fly.
                  | [Gargoyle growth]
 22597 | Orc:2    | Reached XP level 14. HP: 88/88 MP: 21/28
 23279 | Orc:2    | Found Zyru's Distillery.
 23279 | Orc:2    | Found Tamnoaca's Weapon Boutique.
 23280 | Orc:2    | Found Matsulac's Antique Weapon Boutique.
 23280 | Orc:2    | Found Kizosink's Jewellery Emporium.
 23420 | Orc:2    | Bought an amulet of magic regeneration for 390 gold pieces
 23430 | Orc:2    | Learned a level 2 spell: Blink
 24574 | D:14     | Found a gate to the Vaults.
 24722 | D:15     | Entered Level 15 of the Dungeon
 24778 | D:15     | Paralysed by something for 3 turns
 25062 | D:15     | Noticed a dire elephant
 25136 | D:15     | Found a staircase to the Depths.
 25375 | D:15     | Found a portal to a secret trove of treasure.
 25384 | Trove    | Entered a treasure trove
 25389 | Trove    | Found the brooch of Shielding {Spirit SH+8}
 25391 | Trove    | Identified the +0 plate armour "Oluocseo" {rF+}
 25400 | Trove    | Identified the ring "Girewk" {Drain rCorr MP+9 Dex+7}
 25410 | Trove    | Identified the +2 chain mail "Ikiov" {Rampage rC+}
 25525 | D:15     | Identified the +0 robe "Daxolono" {Str+2}
 25751 | D:15     | Found a blossoming altar of Fedhas.
 25939 | D:15     | Reached skill level 10 in Invocations
 25939 | D:15     | Reached XP level 15. HP: 92/92 MP: 29/29
 25945 | D:15     | Learned a level 4 spell: Animate Dead
 26602 | Elf:1    | Entered Level 1 of the Elven Halls
 26855 | D:11     | Reached XP level 16. HP: 61/97 MP: 27/30
 27115 | D:5      | Killed spardeous's ghost
 27287 | D:7      | Killed jurchenman's ghost
 27618 | Depths:1 | Entered Level 1 of the Depths
 28240 | Depths:1 | Found a gateway to Hell.
 28324 | Hell     | Entered the Vestibule of Hell
 28324 | Hell     | Noticed Geryon
 28393 | D:15     | Entered Vestibule of Hell
 28596 | Lair:1   | Entered Level 1 of the Lair of Beasts
 30221 | Lair:2   | Found a staircase to the Snake Pit.
 30443 | Lair:2   | Found a staircase to the Swamp.
 30604 | Lair:2   | You are sucked into a shaft and drop 1 floor!
 31597 | Lair:3   | Noticed Urug
 31604 | Lair:3   | Killed Urug
 32581 | Lair:4   | Found a viscous altar of Jiyva.
 32582 | Lair:4   | Paralysed by a floating eye for 3 turns
 32586 | Lair:4   | Found a staircase to the Slime Pits.
 33422 | Lair:5   | Entered Level 5 of the Lair of Beasts
 33636 | Lair:5   | Noticed Kirke
 33645 | Lair:5   | Killed Kirke
 34011 | Lair:5   | Reached XP level 17. HP: 102/102 MP: 1/33
 34421 | Lair:5   | Identified the +0 trident of Disintegration {elec, *Slow
                  | rC+ Will+}
 35093 | Lair:5   | Found a bloodstained altar of Trog.
 36358 | Snake:1  | Entered Level 1 of the Snake Pit
 37400 | Snake:1  | Found Bydobrus's Jewellery Shoppe.
 37402 | Snake:1  | Found Zixarr's Book Boutique.
 37403 | Snake:1  | Found Bepe's Jewellery Shoppe.
 37642 | Snake:1  | Found Bauv's Weapon Emporium.
 38030 | Snake:1  | Reached skill level 15 in Earth Magic
 38533 | Snake:1  | Found Kahogg's Neck Hole.
 39386 | Snake:2  | You are sucked into a shaft and drop 1 floor!
 41373 | Snake:3  | Noticed Aizul
 41385 | Snake:3  | Killed Aizul
 41810 | Snake:3  | Reached XP level 18. HP: 107/107 MP: 22/35
 41981 | Snake:3  | Identified the +3 chain mail of the Earth {Drain rPois rN+}
 43646 | Snake:3  | Identified the +6 falchion of Disintegration {heavy, rF+
                  | Int+3}
 44265 | Snake:4  | Entered Level 4 of the Snake Pit
 46085 | Snake:4  | Reached skill level 15 in Conjurations
 47252 | Snake:4  | Found Etipujuf's Book Emporium.
 47538 | Snake:4  | Found Sot Jerui's Jewellery Shoppe.
 47557 | Snake:4  | Found Dyulaf's Distillery.
 47609 | Snake:4  | Bought a potion of heal wounds for 95 gold pieces
 47609 | Snake:4  | Bought a potion of brilliance for 76 gold pieces
 47609 | Snake:4  | Bought a potion of brilliance for 76 gold pieces
 47809 | Snake:4  | Found Adunor's Antique Armour Shoppe.
 47815 | Snake:4  | Bought a pair of spiked boots for 323 gold pieces
 47815 | Snake:4  | Identified the +1 pair of boots of Absence {Dex+2} (You
                  | bought it in a shop on level 4 of the Snake Pit)
 48222 | Snake:4  | Got a serpentine rune of Zot
 48521 | Snake:4  | Noticed Vashnia
 48528 | Snake:4  | Killed Vashnia
 48746 | Swamp:1  | Entered Level 1 of the Swamp
 48775 | Lair:2   | Reached XP level 19. HP: 114/114 MP: 6/37
 50145 | Swamp:1  | Found a runed translucent gate.
 50145 | Swamp:1  | Found a runed translucent gate.
 50145 | Swamp:1  | Found a runed translucent gate.
 50320 | Swamp:1  | Noticed Fractals's ghost (journeyman MiBe)
 50677 | Swamp:1  | Gained mutation: You are strong-willed. (Will+) [mutagenic
                  | glow]
 50687 | Swamp:1  | Killed Fractals's ghost
 52454 | Swamp:3  | Noticed Louise
 52933 | Swamp:3  | Noticed Roxanne
 53089 | Swamp:3  | Killed Roxanne
 53537 | Swamp:3  | Noticed Nikola
 53553 | Swamp:3  | Killed Nikola
 53666 | Swamp:3  | Killed Louise
 53787 | Swamp:3  | Reached skill level 10 in Armour
 54299 | Swamp:4  | Entered Level 4 of the Swamp
 55626 | Swamp:4  | Identified the staff of death "Guhexeshri" {rF+ rN+ Will+
                  | Dex-2}
 55632 | Swamp:4  | Identified the amulet of Dilomadgh {RegenMP MP-9 Slay+5}
 56488 | Swamp:4  | Noticed the 27-headed Lernaean hydra
 56498 | Swamp:4  | Killed the 27-headed Lernaean hydra
 56759 | Swamp:4  | Found the +1 cloak of Starlight {*Dazzle EV+4 Stlth--}
 56769 | Swamp:4  | Got a decaying rune of Zot
 57850 | Depths:2 | Got Ywueg's Sorcery, and How To Use It
 58388 | Depths:2 | Noticed a juggernaut
 58441 | Depths:3 | Reached skill level 15 in Spellcasting
 58623 | Depths:2 | Noticed a golden dragon
 58790 | Depths:3 | Reached XP level 20. HP: 85/124 MP: 2/39
 58946 | Depths:4 | Entered Level 4 of the Depths
 59180 | Depths:4 | Noticed Xtahua
 59186 | Depths:3 | Gained mutation: Your spells are a little easier to cast,
                  | but a little less powerful. [mutagenic glow]
 59346 | Depths:2 | Killed a golden dragon
 59562 | Depths:3 | Identified the staff of cold "Zirchu Vott" {rC+ rN+ Int+3}
 59562 | Depths:3 | Identified the ring "Rocekami" {Ice rN+ SInv}
 59562 | Depths:3 | Noticed Josephina
 60849 | Depths:1 | Reached skill level 5 in Stealth
 62148 | Depths:2 | Reached skill level 15 in Invocations
 62556 | Vaults:1 | Entered Level 1 of the Vaults
 62764 | Vaults:1 | You are sucked into a shaft and drop 1 floor!
 63044 | Vaults:2 | Gained mutation: You expend magic power (3 MP) to
                  | strengthen your wands. [mutagenic glow]
 63992 | Vaults:1 | Noticed Zenata
 64020 | Vaults:1 | HP: 4/127 [+1 war axe of holy wrath[Zenata] (11)]
 64020 | Vaults:1 | Demolished by a +4 heavy halberd

Illustrated notes

###.#.#####....# #..............
.##.#.##.......# #..............
.##.#.##.##....####..............
....#....##......................
###########..########........###.
....#....##..# ####.....'.#.
.##.#.##.###.# #..#.....#.#.
.##.#.##.###.# ### ##..#..######.
###.#.##.†††.# #@###.###..#......
#.#.#####..# ##...#.....#.#####
###.#.#####..# #.≈.#.≈...#.#....
....#....##### ##...#.....#.#....
.#######.# ###.###+###..#.#....
.#######.#####..#...#.....#.#....
....#......##...#.≈.#.≈...#.#....
....'......#)####...#.......###.#
....#.......#....#..........##..#


Turn 28393 on D:15: Entered Vestibule of Hell

Levels and vault maps discovered:
D:1:      eino_arrival_druids_welcome, layout_rooms
D:2:      layout_rooms, dreamdust_ecumenical_altar_hidden_monk_grotto,
          chequers_serial_rivers_large_a
D:3:      layout_loops_ring, serial_shops, nicolae_shop_gaudy_bauble,
          portal_sewer_entry_a, kennysheep_generic_room_11
D:4:      layout_loops_cross, grunt_decor_clamped
D:5:      layout_basic, minmay_temple_entry_poolview, gammafunk_ghost_arena,
          uniq_crazy_yiuf_cottage, uniq_pikel, uniq_ijyb
D:6:      layout_rooms, nzn_wu_jian_council_hall,
          lightli_ossuary_entry_decrepit_ruins
D:7:      layout_loops_ring, gammafunk_ghost_hive, nrook_campfire,
          serial_bayou_ford_a, uniq_maggie, uniq_prince_ribbit1
D:8:      layout_basic, erik_lair_island
D:9:      layout_gridville, enter_bailey_2, uniq_harold
D:10:     layout_loops_ring, zombieorc1_lemuel
D:11:     layout_stronghold
D:12:     layout_rooms, minmay_holes
D:13:     layout_loops_cross, serial_shops, nicolae_shop_tiny_glass,
          disabler_island
D:14:     layout_cave_pools, grunt_vaults_entry_fortified
D:15:     hangedman_depths_entry_try_elsewhere_first, layout_stronghold,
          nicolae_trove_entry_diagonal, fedhas_altar_3, serial_co_window_serial,
          co_window_paths_a, co_window_corner_a, co_window_paths_b,
          co_window_of_opportunity_a, co_window_of_opportunity_a,
          co_window_unsneaky_path_d, co_window_broadway_c,
          co_window_unsneaky_path_d, co_window_corner_b, co_window_4corner_a,
          item_on_display_a
Temple:   regret_index_temple_sigil_plot
Lair:1:   layout_small_grid, st_stairs_10
Lair:2:   layout_gridlike, swamp_mist, guppyfry_snake_entry_garden,
          minivault_24, beast_lair_carwin_3, lemuel_fruit_tree,
          grunt_megastairs_4
Lair:3:   layout_cellular_growth, lightli_volcano_entry_magma_tube,
          lemuel_fruit_fields, uniq_urug
Lair:4:   layout_concentric_octagons, minmay_slime_entry_eyes
Lair:5:   gammafunk_lair_ancient_temple, layout_cave_pods, basic_altar,
          serial_forest, infiniplex_forest_straight_4,
          infiniplex_forest_diagonal, infiniplex_forest_end_2,
          infiniplex_forest_clump_curved, infiniplex_forest_lined_corner,
          infiniplex_forest_lined_4_way, uniq_kirke
Swamp:1:  layout_basic_swamp, ebering_ghost_rock_garden,
          evilmike_swamp_ruin_house_4, swamp_pool3
Swamp:2:  layout_basic_swamp, evilmike_swamp_ruin_wall, swamp_pool2
Swamp:3:  layout_basic_swamp, hangedman_swamp_blocks, uniq_nikola, uniq_roxanne,
          uniq_louise
Swamp:4:  swamp_basic_johnstein, layout_basic_swamp, swamp_pool5, worms_lemuel
Snake:1:  kennysheep_six_static_rooms, layout_basic, serial_shops, shop,
          nicolae_shop_sticking_my_neck_out, serial_bayou_shore_a,
          minmay_shop_grove, serial_bayou_shore_b
Snake:2:  layout_onion, nicolae_snake_single_loop, st_stairs_9,
          nicolae_snake_gridmaze_tees
Snake:3:  layout_chambers, nicolae_triple_integral, uniq_aizul
Snake:4:  johnstein_snake_rune_scales, layout_onion_interference, serial_shops,
          nicolae_shop_hallway_plus, nicolae_shop_trees,
          nicolae_shop_rolling_square, nicolae_shop_overgrown_old_shop,
          portal_ice_cave_entry_pillars_four, grunt_megastairs_5
Orc:1:    layout_caves, serial_shops, shop, gammafunk_ghost_abyssal_escape
Orc:2:    st_orc_ogre_mass, layout_caves, basic_altar, nicolae_shop_self_help
Elf:1:    nicolae_elf_arrival_no_cutting_in_line, layout_loops_ring,
          serial_aquarium, aquarium_bridge_square [aquarium_subvault_bridge,
          aquarium_subvault_balcony, aquarium_subvault_bridge,
          aquarium_subvault_wall], aquarium_window_corridor_3,
          aquarium_window_1, aquarium_window_double, aquarium_view_2d,
          aquarium_pool_1, serial_shops, shop, minmay_elf_annihilation,
          serial_sigils_hangedman_confine
Vaults:1: v_misc_18, nicolae_vaults_storage_closets_2, nicolae_vaults_asterisk,
          nicolae_vaults_cochlea, hangedman_vaults_stagger,
          nicolae_vaults_turnstiles, nicolae_vaults_tetromino_Z_1,
          nicolae_vaults_trapezoid_3, ontoclasm_vaults_ligature,
          nicolae_vaults_network_star, v_misc_13,
          nicolae_vaults_storage_closets_1, layout_vaults_maze_bifur,
          uniq_zenata
Vaults:2: nicolae_vaults_corridor_and_loot_room, hangedman_vaults_trim,
          hangedman_vaults_snaps, vaults_room_hallway,
          nicolae_vaults_frosty_reception, nicolae_vaults_offset_grid_hallway_4,
          hangedman_vaults_stretched_pinwheel, minmay_crypt_entry_necro_gods,
          v_rooms_5, vaults_room_fours, nicolae_vaults_three_branches,
          nicolae_vaults_variable_pillar_hall,
          nicolae_vaults_variable_pillar_hall, nicolae_vaults_bisected_slash,
          vaults_room_semicircle, vaults_room_pools, layout_vaults_ring,
          serial_shops, bzr_in_the_mist
Depths:1: layout_gridlike, lemuel_blue_sif_altar, grunt_hell_entry_dis_grunt,
          drop_trap, serial_bayou_lagoon_a, grunt_decor_mini_mirrors,
          serial_bayou_pond_b, grunt_ministairs_1, nrook_kobold_shadow_demons
Depths:2: wad_guarded_room, layout_cave_pools, ebering_ghost_rock_garden,
          grunt_mini_vestibule, pan_entry, lightli_minifort
Depths:3: nicolae_hitomezashi [nicolae_hito_row, nicolae_hito_row,
          nicolae_hito_row, nicolae_hito_row, nicolae_hito_row,
          nicolae_hito_row, nicolae_hito_row, nicolae_hito_row,
          nicolae_hito_row, nicolae_hito_row, nicolae_hito_row,
          nicolae_hito_row, nicolae_hito_row, nicolae_hito_row,
          nicolae_hito_row, nicolae_hito_row, nicolae_hito_row,
          nicolae_hito_row], layout_cave_pools, enter_ziggurat_a,
          minmay_misc_feat_alley, abyss_entry, hellmouth_1, uniq_enchantress,
          uniq_josephina
Depths:4: grunt_x_marks_the_spot, layout_small_grid, hell_entry,
          abyss_entry_flame_altar, rand_demon_pan_entry_8,
          minmay_misc_feat_hallway, uniq_xtahua, uniq_sojobo
Hell

Skill      XL: |  1  2  3  4  5  6  7  8  9 10 11 12 13 14 15 16 17 18 19 20 |
---------------+-------------------------------------------------------------+-----
Earth Magic    | 4 5 6 8 9 10 11 12 14 15 16 | 16.0
Conjurations   | 1 2 3 5 8 10 11 13 14 15 16 | 16.0
Spellcasting   | 3 4 6 7 8 9 10 12 13 14 15 | 15.7
Necromancy     | 3 4 6 8 9 |  9.0
Fighting       | 2 5 6 7 10 11 12 14 | 14.1
Transmutations | 3 5 7 8 9 |  9.0
Hexes          | 1 4 |  4.0
Armour         | 5 7 9 10 | 10.0
Invocations    | 5 10 11 12 14 15 | 15.4
Stealth        | 3 5 |  5.0
Dodging        | |  1.5

Action                     |  1- 3 |  4- 6 |  7- 9 | 10-12 | 13-15 | 16-18 | 19-21 || total
---------------------------+-------+-------+-------+-------+-------+-------+-------++-------
  Melee: Short sword       |       |     1 |     7 |       |       |       |       ||     8
         Quarterstaff      |       |       |       |   241 |   129 |   458 |   153 ||   981
   Cast: Sandblast         |    55 |    65 |    76 |     3 |       |       |     1 ||   200
         Stone Arrow       |       |     3 |    86 |    87 |    94 |   215 |   256 ||   741
         Borgnjor's Vile C |       |       |     5 |   146 |   190 |   432 |   293 ||  1066
         Yara's Violent Un |       |       |       |       |     3 |    25 |     5 ||    33
         Animate Dead      |       |       |       |       |     1 |     9 |     1 ||    11
         Irradiate         |       |       |       |       |       |     9 |    43 ||    52
         Blink             |       |       |       |       |       |       |     1 ||     1
 Invoke: Greater Servant o |       |       |       |       |       |       |     4 ||     4
         Lesser Servant of |       |       |       |       |       |       |     1 ||     1
  Evoke: Wand              |       |       |     1 |     8 |     4 |     9 |    19 ||    41
    Use: Scroll            |       |       |    17 |    12 |     5 |     3 |    16 ||    53
         Potion            |       |       |       |     4 |     6 |     1 |    19 ||    30
   Stab: Sleeping          |       |       |       |     1 |       |       |       ||     1
         Distracted        |       |       |       |       |       |     2 |       ||     2
 Armour: Robe              |    26 |     6 |    30 |       |       |       |       ||    62
         Steam dragon scal |       |       |       |   252 |   156 |   272 |       ||   680
         Acid dragon scale |       |       |       |       |       |   253 |   395 ||   648
  Dodge: Dodged            |    41 |    15 |    30 |   190 |   139 |   422 |   263 ||  1100
  Block: Other             |       |       |       |       |       |   299 |   203 ||   502
